 Dungeon Crawl Stone Soup version 0.30-a0-457-g4b7bca3bfa (webtiles) character file.

Game seed: 15566689364520944703

1460084 Colgate the Conqueror (level 27, 179/179 HPs)
             Began as a Gargoyle Earth Elementalist on Dec 12, 2022.
             Was a Follower of Makhleb.
             Escaped with the Orb
             ... and 3 runes!
             The game lasted 06:09:45 (97001 turns).

Colgate the Conqueror (GrEE)                       Turns: 97001, Time: 06:09:46

Health: 179/179    AC: 68    Str: 20    XL:     27
Magic:  34/34      EV:  7    Int: 11    God:    Makhleb [*.....]
Gold:   4363       SH: 40    Dex: 14    Spells: 33/38 levels left

rFire   + + +      SeeInvis +    a - +8 mithril axe "Arga" {speed, Will+}
rCold   + + +      Faith    .    n - +10 tower shield of Ignorance {rN+ Int-4}
rNeg    + + .      Spirit   .    v - +8 gold dragon scales
rPois   ∞          Reflect  +    M - +2 helmet
rElec   +          Harm     +    p - scarf {shadows}
rCorr   +          Rampage  .    i - +1 pair of gloves of the Ego {rElec rC++ Regen+ Int-3}
Will    ++++.                    A - +1 pair of boots of the Fiddle {Harm rF+++ Will+ Str-2}
Stlth   ..........               r - amulet of reflection
HPRegen 1.29/turn                j - ring of see invisible
MPRegen 0.24/turn                g - ring of resist corrosion

@: flying, studying 2 skills
A: reduced essence, sickness immunity, AC +20, big wings, negative energy
resistance 1, electricity resistance, torment resistance 1, petrification
resistance, iridescent scales 1, see invisible, agile 1, sense surroundings 1,
wild magic 2
0: Orb of Zot
}: 3/15 runes: barnacled, silver, gossamer
a: Renounce Religion


You escaped.
You worshipped Makhleb.
Makhleb was aware of your devotion.
You visited 11 branches of the dungeon, and saw 51 of its levels.
You visited 1 bazaar.
You visited 1 ziggurat, and saw 6 of its levels.
You also visited: Trove, Ice Cave and Wizlab.

You collected 11107 gold pieces.
You spent 6744 gold pieces at shops.

Inventory:

Hand Weapons
 a - the +8 mithril axe "Arga" (weapon) {speed, Will+}
   (You found it on level 13 of the Dungeon)

   Attacks with this weapon are significantly faster.
   Will:      It increases your willpower.
Missiles
 l - 8 throwing nets {!f}
 U - 12 curare-tipped darts
Armour
 i - the +1 pair of gloves of the Ego (worn) {rElec rC++ Regen+ Int-3}
   (You acquired it on level 2 of the Depths)

   Int:       It affects your intelligence (-3).
   rC:        It greatly protects you from cold.
   rElec:     It insulates you from electricity.
   Regen:     It increases your rate of health regeneration.
 n - the +10 tower shield of Ignorance (worn) {rN+ Int-4}
   (You bought it in a shop on level 2 of the Orcish Mines)

   Int:       It affects your intelligence (-4).
   rN:        It protects you from negative energy.
 p - a scarf of shadows (worn)
 v - +8 gold dragon scales (worn)
 A - the +1 pair of boots of the Fiddle (worn) {Harm rF+++ Will+ Str-2}
   (You found it on level 5 of the Lair of Beasts)

   Str:       It affects your strength (-2).
   rF:        It renders you almost immune to fire.
   Harm:      It increases damage dealt and taken.
   Will:      It increases your willpower.
 M - a +2 helmet (worn)
Jewellery
 g - a ring of resist corrosion (right hand)
 j - a ring of see invisible (left hand)
 r - an amulet of reflection (around neck)
 E - an amulet of magic regeneration
Wands
 d - a wand of quicksilver (23) {@v1}
 s - a wand of digging (8) {@v3}
 t - a wand of flame (40)
 u - a wand of iceblast (21) {@v2}
 G - a wand of charming (33)
 Z - a wand of mindburst (5)
Scrolls
 e - 28 scrolls of teleportation {@r3}
 k - 11 scrolls of fog
 w - 17 scrolls of blinking {@r4}
 x - 12 scrolls of poison
 B - 9 scrolls of amnesia
 C - 5 scrolls of silence
 H - 2 scrolls of noise
 N - 14 scrolls of fear
 O - a scroll of magic mapping {@r5}
Potions
 b - 4 potions of cancellation
 c - 9 potions of mutation
 f - 12 potions of resistance {@q5}
 m - 8 potions of might {@q3}
 o - 3 potions of haste {@q4}
 q - 9 potions of heal wounds {@q2}
 z - 14 potions of attraction
 D - 6 potions of brilliance
 F - 17 potions of ambrosia
 I - 36 potions of curing {@q1}
 J - 4 potions of invisibility
 S - 7 potions of berserk rage
 V - 10 potions of lignification
Miscellaneous
 h - a phial of floods
 y - a box of beasts
 K - a condenser vane
 L - a phantom mirror
 X - a lightning rod (4/4)


   Skills:
 O Level 27 Fighting
 - Level 18.0 Axes
 - Level 4.1 Throwing
 O Level 27 Armour
 - Level 1.5 Dodging
 - Level 7.0 Stealth
 O Level 27 Shields
 - Level 6.0 Spellcasting
 + Level 10.4 Translocations
 - Level 0.7 Transmutations
 - Level 4.2 Earth Magic
 - Level 15.0 Invocations
 - Level 12.0 Evocations


You had 33 spell levels left.
You knew the following spells:

 Your Spells              Type           Power      Damage    Failure   Level
a - Blink                 Tloc           84%        N/A       11%         2
b - Passwall              Tmut/Erth      11%        N/A       86%         2
c - Apportation           Tloc           84%        N/A       8%          1

Your spell library contained the following spells:

 Spells                   Type           Power      Damage    Failure   Level
 Gell's Gravitas          Tloc           42%        N/A       19%         3
 Lesser Beckoning         Tloc           84%        N/A       19%         3
 Teleport Other           Tloc           42%        N/A       19%         3
 Manifold Assault         Tloc           42%        N/A       45%         4
 Passage of Golubria      Tloc           42%        N/A       45%         4
 Sandblast                Erth           40%        2d10      52%         1
 Momentum Strike          Conj/Tloc      46%        3d9       54%         2
 Portal Projectile        Hex/Tloc       46%        N/A       75%         3
 Vhi's Electric Charge    Tloc/Air       46%        N/A       75%         3
 Beastly Appendage        Tmut           14%        N/A       92%         1
 Kindle Blastsparks       Fire/Tloc/Air  34%        2d12      92%         3
 Foxfire                  Conj/Fire      20%        2x1d5     96%         1
 Freeze                   Ice            20%        1d4       96%         1
 Kiss of Death            Conj/Necr      20%        2d7       96%         1
 Magic Dart               Conj           20%        1d4       96%         1
 Necrotise                Necr           20%        1d5       96%         1
 Slow                     Hex            20%        N/A       96%         1
 Wereblood                Tmut           7%         N/A       98%         2
 Stone Arrow              Conj/Erth      24%        3d8       98%         3
 Iskenderun's Mystic Bla  Conj/Tloc      23%        2d6       98%         4
 Call Imp                 Summ           5%         N/A       99%         2
 Poisonous Vapours        Pois/Air       10%        N/A       99%         2
 Scorch                   Fire           10%        2d5       99%         2
 Searing Ray              Conj           10%        2d4       99%         2
 Static Discharge         Conj/Air       10%        2-3/arc   99%         2
 Dispersal                Tloc           21%        N/A       99%         6
 Call Canine Familiar     Summ           5%         N/A       100%        3
 Confusing Touch          Hex            5%         N/A       100%        3
 Dazzling Flash           Conj/Hex       10%        N/A       100%        3
 Frozen Ramparts          Ice            10%        1d2       100%        3
 Hailstorm                Conj/Ice       5%         3d4       100%        3
 Ignite Poison            Fire/Tmut/Pois 6%         N/A       100%        3
 Mephitic Cloud           Conj/Pois/Air  5%         N/A       100%        3
 Ozocubu's Armour         Ice            5%         N/A       100%        3
 Spider Form              Tmut/Pois      6%         N/A       100%        3
 Tukima's Dance           Hex            5%         N/A       100%        3
 Vampiric Draining        Necr           5%         2d6       100%        3
 Airstrike                Air            2%         2d(1-17)  100%        4
 Animate Armour           Summ/Erth      24%        N/A       100%        4
 Animate Dead             Necr           5%         N/A       100%        4
 Dispel Undead            Necr           5%         3d7       100%        4
 Flame Wave               Conj/Fire      5%         2d5       100%        4
 Ice Form                 Ice/Tmut       6%         N/A       100%        4
 Leda's Liquefaction      Hex/Erth       6%         N/A       100%        4
 Olgreb's Toxic Radiance  Pois           5%         N/A       100%        4
 Petrify                  Tmut/Erth      14%        N/A       100%        4
 Sticky Flame             Conj/Fire      5%         2d3       100%        4
 Summon Ice Beast         Ice/Summ       5%         N/A       100%        4
 Summon Lightning Spire   Summ/Air       5%         N/A       100%        4
 Agony                    Necr           5%         N/A       100%        5
 Alistair's Intoxication  Tmut/Pois      4%         N/A       100%        5
 Arcjolt                  Conj/Air       2%         1d12      100%        5
 Blade Hands              Tmut           3%         N/A       100%        5
 Borgnjor's Vile Clutch   Necr/Erth      6%         N/A       100%        5
 Fireball                 Conj/Fire      2%         3d4       100%        5
 Freezing Cloud           Conj/Ice/Air   2%         6-21      100%        5
 Iskenderun's Battlesphe  Conj           5%         2d6       100%        5
 Lightning Bolt           Conj/Air       2%         1d14      100%        5
 Silence                  Hex/Air        2%         N/A       100%        5
 Summon Mana Viper        Hex/Summ       5%         N/A       100%        5
 Yara's Violent Unravell  Hex/Tmut       3%         3d4       100%        5
 Conjure Ball Lightning   Conj/Air       2%         3x3d7     100%        6
 Death Channel            Necr           2%         N/A       100%        6
 Eringya's Noxious Bog    Tmut/Pois      3%         N/A       100%        6
 Iron Shot                Conj/Erth      6%         9d2       100%        6
 Simulacrum               Ice/Necr       2%         N/A       100%        6
 Starburst                Conj/Fire      2%         6d3       100%        6
 Summon Cactus Giant      Summ           2%         N/A       100%        6
 Enfeeble                 Hex            2%         N/A       100%        7
 Haunt                    Necr/Summ      2%         N/A       100%        7
 Malign Gateway           Summ/Tloc      11%        N/A       100%        7
 Monstrous Menagerie      Summ           2%         N/A       100%        7
 Orb of Destruction       Conj           2%         9d5       100%        7
 Ozocubu's Refrigeration  Ice            2%         4d8       100%        7
 Spellforged Servitor     Conj/Summ      2%         N/A       100%        7
 Storm Form               Tmut/Air       3%         N/A       100%        7
 Summon Hydra             Summ           2%         N/A       100%        7
 Discord                  Hex            2%         N/A       100%        8
 Disjunction              Tloc           21%        N/A       100%        8
 Ignition                 Fire           2%         3d3       100%        8
 Infestation              Necr           2%         N/A       100%        8
 Lehudib's Crystal Spear  Conj/Erth      6%         10d3      100%        8
 Summon Horrible Things   Summ           2%         N/A       100%        8
 Polar Vortex             Ice            2%         N/A       100%        9
 Cigotuvi's Dreadful Rot  Necr/Pois/Air  Unusable   N/A       N/A         2
 Statue Form              Tmut/Erth      Unusable   N/A       N/A         6

Dungeon Overview and Level Annotations

Branches:
Dungeon (15/15)            Temple (1/1) D:6            Lair (5/5) D:8
 Shoals (4/4) Lair:2       Spider (4/4) Lair:3        Slime (0/5) Lair:4
    Orc (2/2) D:11            Elf (3/3) Orc:2        Vaults (5/5) D:14
  Crypt (3/3) Vaults:3       Tomb (0/3) Crypt:3      Depths (4/4) D:15
    Zot (5/5) Depths:4      IceCv (visited)          WizLab (visited)

Altars:
Ashenzari
Cheibriados
Dithmenos
Elyvilon
Fedhas
Gozag
Hepliaklqana
Kikubaaqudgha
Makhleb
Nemelex Xobeh
Okawaru
Qazlal
Ru
Sif Muna
Trog
Uskayaw
Vehumet
Wu Jian
Xom
Yredelemnul
Zin
The Shining One
Jiyva

Shops:
D:1 (   Orc:1 *   Orc:2 (*([[   Vaults:1 ?   Vaults:5 !*!

Portals:
Hell: Depths:1 Depths:2 Depths:3 Depths:4
Abyss: Depths:1 Depths:3
Pandemonium: Depths:2 Depths:3

Annotations:
D:3 OMW alttari
Elf:2 3 runed translucent doors


Innate Abilities, Weirdness & Mutations

Your life essence is reduced to manifest your ancestor. (-10% HP)
You are immune to sickness and miasma.
Your stone body is resilient. (AC +20)
You are immune to poison.
Your large and strong wings let you fly.
You resist negative energy. (rN+)
You are resistant to electric shocks. (rElec)
You are resistant to unholy torment.
You are immune to petrification.
You are partially covered in iridescent scales. (AC +2)
You have supernaturally acute eyesight. (SInv)
You are agile. (Dex +4, Str/Int -1)
You passively map a small area around you.
Your spells are harder to cast, but more powerful.


Message History

A rust devil comes into view.
You barely miss the blizzard demon.
The rust devil screeches!
You slice the blizzard demon!!
You kill the blizzard demon!
Makhleb accepts your kill.
Keinn comes into view. It is armed with a chaotic touch.
The rust devil is engulfed in seething chaos.
The rust devil seems to grow stronger.
The rust devil is engulfed in seething chaos.
Things that are here:
a stone; a +0 short sword The rust devil is engulfed in seething chaos.
There is a stone staircase leading up here.
Here: Keinn, armed with a chaotic touch (surrounded by chaotic energy)
The floor.
Unknown command.
Here: Keinn, armed with a chaotic touch (surrounded by chaotic energy)
The floor.
Unknown command.
You fly upwards.
There is a stone staircase leading down here.
(D) Dungeon (T) Temple (L) Lair (A) Shoals (N) Spider Nest (M) Slime Pits (O) Orcish Mines (E) Elven Halls (V) Vaults (C) Crypt (W) Tomb (U) Depths (H) Hell (Z) Zot
Where to? (Enter - D:1 @ (x,y), ? - help)
There is a stone staircase leading up here.
You fly upwards.
There is a stone staircase leading down here.
There is a staircase leading out of the dungeon here.
(D) Dungeon (T) Temple (L) Lair (A) Shoals (N) Spider Nest (M) Slime Pits (O) Orcish Mines (E) Elven Halls (V) Vaults (C) Crypt (W) Tomb (U) Depths (H) Hell (Z) Zot
Where to? (Enter - D:1 @ (x,y), ? - help) You're already here!
Okay, then.
Char dumped successfully.
You have escaped!

# ##..........##..............#..
###>....##....##....##........###
#.......##...G......##.........##
#........................##....##
#...##...................##....##
....##...........................
#.......................[......#.
#..........................##....
#..##...........@..........##....
#..##...........>................
#..............................##
#.........................##...##
#....##...................##....#
#....##......................[...
#.........##..........##.........
###.......##....##....##.....####
#.............##..........## #


You could see a great orb of eyes.

Vanquished Creatures
  5 dread liches
  3 orbs of fire (Zot:5)
  4 ancient liches
  4 juggernauts
  Josephina (Depths:4)
  A curse toe (Zot:1)
  9 golden dragons
  2 caustic shrikes (Depths:3)
  2 bone dragons
  A Tzitzimitl (D:13)
  2 electric golems
  5 liches
  10 tentacled monstrosities
  21 Orb Guardians
  Asterion (Elf:1)
  3 walking divine tomes
  2 deep elf blademasters
  2 deep elf master archers (Elf:3)
  4 quicksilver dragons
  5 titans
  3 ancient champions
  An Executioner (Zig:6)
  6 shadow dragons
  4 death cobs
  2 krakens
  6 sphinxes
  11 tengu reavers
  6 storm dragons
  Frances (Elf:1)
  4 nagarajas (WizLab)
  2 demonspawn warmongers (Zig:6)
  7 fire giants
  5 draconian knights
  9 draconian monks
  10 frost giants
  9 vault wardens
  8 ghost moths
  3 emperor scorpions (Spider:4)
  8 draconian scorchers
  3 deep elf sorcerers
  7 draconian annihilators
  2 cacodemons
  4 deep elf elementalists
  4 draconian shifters
  2 ghouls (Crypt:1)
  16 stone giants
  A juggernaut zombie (Crypt:3)
  2 balrugs
  An orc warlord (Vaults:2)
  2 broodmothers (Spider:4)
  4 demonspawn corrupters
  2 curse skulls
  An ironbound thunderhulk (Vaults:2)
  15 ironbound preservers
  4 war gargoyles
  15 very ugly things
  A spriggan defender (Depths:3)
  11 purple draconians
  A lorocyproca (Depths:4)
  7 vampire knights
  6 green draconians
  A deep elf demonologist (Vaults:3)
  7 white draconians
  4 deep elf annihilators
  A spark wasp (Depths:3)
  11 black draconians
  14 dire elephants
  3 yellow draconians
  11 red draconians
  A blizzard demon (D:3)
  5 merfolk javelineers
  14 yaktaur captains
  Snorg (D:12)
  5 merfolk impalers
  12 fire dragons
  8 deep elf death magi
  11 ettins
  3 great orbs of eyes
  An entropy weaver (shapeshifter) (Vaults:5)
  10 jiangshi
  A spriggan zombie (Crypt:3)
  2 deep elf high priests (Elf:3)
  3 ogre magi
  10 ice dragons
  A jorogumo (shapeshifter) (Vaults:5)
  6 hydras
  2 ironbound frosthearts
  6 merfolk avatars
  4 spriggan air magi
  2 merfolk aquamancers (Shoals:4)
  The ghost of CrazyBamboolord the Zephyrmancer, a journeyman TeAE of Vehumet (Lair:3)
  6 centaur warriors
  A spriggan skeleton (Crypt:3)
  20 vault guards
  Erica (D:8)
  A juggernaut simulacrum (Depths:4)
  3 jorogumos
  A hell beast (Depths:4)
  7 dancing weapons
  3 radroaches (Spider:4)
  5 two-headed ogres
  4 boulder beetles
  11 tengu warriors
  10 death yaks
  5 deep troll earth magi
  2 hell hogs (D:3)
  2 satyrs (Shoals:4)
  A two-headed ogre (shapeshifter) (Vaults:5)
  4 deep troll shamans
  An alligator snapping turtle (Shoals:1)
  A naga warrior (Crypt:1)
  6 vampire magi
  6 spriggan berserkers
  2 hell knights
  A spectral dire elephant (Lair:5)
  A soul eater (Zot:1)
  10 deep elf knights
  Sonja (D:12)
  27 skeletal warriors
  2 storm dragon zombies
  5 sun demons
  2 spectral death yaks (Lair:5)
  4 pharaoh ants
  3 sixfirhies
  3 shadow wraiths
  A bunyip zombie (Crypt:3)
  A spectral anaconda (Lair:5)
  A death drake (shapeshifter) (Vaults:5)
  3 steelbarb worms
  5 orb spiders
  43 deep trolls
  2 flayed ghosts
  3 iron trolls
  9 sea snakes
  A shadow demon (Depths:2)
  8 deep elf archers
  An obsidian statue (Lair:5)
  5 orc knights
  4 wizards (WizLab)
  17 deep elf pyromancers
  2 glowing orange brains
  15 ironbound convokers
  A bunyip skeleton (Crypt:3)
  8 phantasmal warriors
  A spriggan simulacrum (Depths:4)
  11 harpies
  13 deep elf zephyrmancers
  16 wolf spiders
  An anaconda skeleton (Crypt:3)
  6 necromancers
  A wolf spider zombie (Crypt:2)
  9 manticores
  A faun (shapeshifter) (Elf:2)
  A manticore (shapeshifter) (Elf:2)
  A worldbinder (WizLab)
  A shining eye (shapeshifter) (Zig:4)
  13 moths of wrath
  2 orc sorcerers (Elf:3)
  A mana viper (shapeshifter) (Elf:3)
  9 fauns
  4 cyclopes
  16 ugly things
  9 elephants
  3 rust devils
  2 ice statues
  8 merfolk sirens
  A dire elephant zombie (Crypt:3)
  A black mamba (Lair:5)
  A smoke demon (Depths:2)
  An eye of devastation (shapeshifter) (Depths:2)
  7 fire giant skeletons (Crypt:3)
  13 vault sentinels
  11 cane toads
  6 torpor snails
  2 orange demons
  Maggie (D:6)
  A centaur skeleton (Crypt:3)
  A gargoyle (Crypt:3)
  A cane toad (shapeshifter) (Depths:3)
  6 demonic crawlers
  A rime drake (shapeshifter) (Elf:1)
  A dire elephant skeleton (Lair:5)
  6 rime drakes (IceCv)
  A kobold demonologist (D:12)
  2 unseen horrors
  2 tormentors
  A komodo dragon (Lair:4)
  A freezing wraith (Crypt:1)
  18 yaktaurs
  2 ice devils (D:13)
  A hellwing (Depths:2)
  A merfolk (shapeshifter) (Depths:3)
  A red devil (Depths:2)
  4 trolls
  A queen bee (Lair:5)
  4 harpy zombies (Crypt:3)
  8 meliai
  A hydra zombie (Crypt:3)
  A hornet (shapeshifter) (Elf:3)
  2 polar bears
  2 meliai (shapeshifter)
  A death drake zombie (Crypt:2)
  3 wind drakes
  18 merfolk
  A deep troll zombie (Vaults:4)
  14 slime creatures
  2 harpy skeletons (Crypt:3)
  A moth of wrath zombie (Crypt:1)
  A polar bear (shapeshifter) (D:15)
  8 dream sheep
  26 tarantellas
  A death drake skeleton (Crypt:2)
  6 blink frogs
  9 snapping turtles
  An ice dragon zombie (Crypt:2)
  16 culicivoras
  5 fire dragon skeletons (Crypt:3)
  A ynoxinul (Depths:2)
  24 jumping spiders
  3 vampires
  3 shadows (Crypt:3)
  An ettin skeleton (Vaults:1)
  14 water elementals
  3 air elementals
  29 yaks
  3 wyverns
  4 fire elementals
  8 wraiths
  A basilisk (Lair:4)
  A steam dragon (D:8)
  40 redbacks
  A yaktaur simulacrum (Vaults:1)
  A warg (Orc:2)
  A naga (shapeshifter) (Elf:1)
  2 acid dragons
  A glowing shapeshifter skeleton (Vaults:4)
  5 water moccasins
  A floating eye (Depths:3)
  8 orc warriors
  An ettin simulacrum (Vaults:4)
  An elephant zombie (Lair:5)
  3 ice beasts
  2 sky beasts
  2 black bears
  A swamp dragon zombie (Crypt:2)
  8 ogres
  An elephant skeleton (Lair:5)
  2 boggarts (Vaults:2)
  9 centaurs
  A swamp dragon skeleton (Crypt:3)
  20 wolves
  2 phantoms
  7 bullfrogs
  2 necrophages
  2 kobold brigands
  3 scorpions
  A gnoll sergeant (D:10)
  A glowing shapeshifter simulacrum (Depths:4)
  A cyclops zombie (Crypt:2)
  7 wights
  Dowan (D:6)
  20 killer bees
  An elephant simulacrum (Lair:5)
  A yak skeleton (Crypt:1)
  An electric eel (D:12)
  5 howler monkeys
  8 crimson imps (D:13)
  A human simulacrum (Vaults:1)
  3 hounds
  10 orc priests
  3 iguanas
  11 orc wizards
  6 adders
  16 gnolls
  2 shadow imps
  2 white imps (D:7)
  2 ufetubi (D:5)
  3 worms
  A dart slug (D:1)
  37 orcs
  6 ball pythons
  5 bats
  5 endoplasms
  3 giant cockroaches
  5 goblins
  5 hobgoblins
  2 jackals (D:2)
  6 quokkas
  3 training dummies (Orc:2)
  A ball python zombie (Crypt:2)
  2 frilled lizards
  7 kobolds
  A quokka zombie (Crypt:2)
  5 rats (D:1)
  2 tentacles
  2 withered plants
1538 creatures vanquished.

Vanquished Creatures (collateral kills)
  A dread lich (Zig:4)
  Mara (Vaults:4)
  An ancient lich (Zot:5)
  2 Killer Klowns (Zot:5)
  Sojobo (Vaults:3)
  Saint Roka (Vaults:4)
  A golden dragon (Depths:4)
  The ghost of Ijustatesigmund the Victor of a Thousand Battles, an adept DjFE of Okawaru (Crypt:1)
  An electric golem (Zot:5)
  7 tentacled monstrosities
  7 Orb Guardians
  A lich (Depths:3)
  3 quicksilver dragons (Zot:5)
  4 titans (Vaults:5)
  A kraken (Shoals:4)
  2 death cobs
  6 sphinxes
  A pandemonium lord (Zig:6)
  Gastronok (Lair:3)
  2 tengu reavers
  An ancient champion (Crypt:1)
  3 shadow dragons
  A revenant (Crypt:3)
  4 storm dragons
  5 draconian monks
  4 frost giants
  4 draconian knights
  An iron dragon (Depths:2)
  6 vault wardens
  6 fire giants
  A balrug (Depths:1)
  An emperor scorpion (Spider:3)
  2 ghost moths
  2 draconian shifters
  A demonspawn corrupter (WizLab)
  2 deep elf elementalists (Elf:3)
  6 very ugly things
  A ghoul (Crypt:2)
  A draconian stormcaller (Zot:1)
  5 deep elf demonologists
  A draconian annihilator (Zot:4)
  7 stone giants
  2 spriggan defenders (Depths:3)
  3 ironbound preservers
  2 ironbound thunderhulks
  6 deep elf annihilators
  2 vampire knights
  A putrid mouth (Zig:2)
  4 green draconians
  3 spark wasps (Depths:3)
  Azrael (Elf:1)
  4 purple draconians
  A yellow draconian (Zot:4)
  6 red draconians
  2 black draconians
  6 dire elephants
  2 white draconians
  An eidolon (Crypt:1)
  3 fire dragons (Depths:4)
  2 deep elf death magi
  2 entropy weavers
  7 yaktaur captains
  6 ettins
  2 ice dragons
  4 merfolk impalers
  3 jiangshi
  5 deep elf high priests
  16 vault guards
  2 great orbs of eyes
  3 rakshasas
  4 boulder beetles
  An alligator snapping turtle (Shoals:4)
  An ogre mage (Orc:2)
  A catoblepas (D:13)
  4 spriggan air magi
  5 centaur warriors
  2 ironbound frosthearts
  3 deep troll shamans
  3 merfolk aquamancers
  A hell hog (D:3)
  2 radroaches
  4 tengu warriors
  9 two-headed ogres
  A satyr (Shoals:3)
  3 deep troll earth magi
  A naga warrior (Crypt:1)
  4 vampire magi
  5 death yaks
  2 dancing weapons (Elf:1)
  Urug (Orc:2)
  4 spriggan berserkers
  6 deep elf knights
  A hell knight (Vaults:5)
  A soul eater (Crypt:1)
  6 skeletal warriors
  2 pharaoh ants
  A shadow wraith (Crypt:2)
  2 death drakes (Depths:4)
  A sun demon (D:15)
  The ghost of bosakos the Covert, a novice GnWn of Uskayaw (D:9)
  3 iron trolls
  4 steelbarb worms
  3 sea snakes
  2 wizards
  19 deep trolls
  2 flayed ghosts (Crypt:2)
  6 orb spiders
  A bog body (Crypt:1)
  3 spriggan druids (WizLab)
  3 deep elf archers
  A necromancer (Depths:3)
  4 deep elf zephyrmancers
  An anaconda skeleton (Crypt:3)
  4 deep elf pyromancers
  4 phantasmal warriors
  3 ironbound convokers
  11 harpies
  6 ugly things
  2 cyclopes
  3 wolf spiders
  A stone giant zombie (Vaults:4)
  A worldbinder (WizLab)
  3 fauns
  2 orc sorcerers
  11 elephants
  5 moths of wrath
  A dire elephant zombie (Crypt:1)
  An eleionoma skeleton (Crypt:1)
  5 manticores
  A rust devil (D:8)
  5 black mambas
  A fire giant skeleton (Crypt:3)
  A moth of wrath (shapeshifter) (Depths:2)
  Joseph (D:8)
  4 water nymphs
  3 merfolk sirens
  3 torpor snails
  7 vault sentinels
  3 gargoyles (Crypt:3)
  An orange demon (D:15)
  A cane toad (Lair:2)
  3 rime drakes (Lair:4)
  5 yaktaurs
  2 yaktaurs (shapeshifter)
  3 demonic crawlers
  2 tengu conjurers
  2 komodo dragons
  A hellwing (Zig:6)
  2 red devils (Depths:2)
  4 trolls
  3 polar bears (IceCv)
  3 meliai
  8 slime creatures
  25 merfolk
  12 tarantellas
  6 blink frogs
  2 dream sheep (shapeshifter)
  4 hornets
  6 dream sheep
  A boulder beetle zombie (Crypt:1)
  A centaur simulacrum (D:15)
  3 fire dragon skeletons (Crypt:3)
  9 water elementals
  13 jumping spiders
  A shadow (D:7)
  4 spriggans
  An ice dragon skeleton (Crypt:2)
  13 culicivoras
  2 air elementals
  2 vampires
  5 wyverns
  10 yaks
  3 wraiths
  3 fire elementals
  2 basilisks
  16 redbacks
  A steam dragon (D:8)
  2 wargs (Orc:1)
  A yaktaur simulacrum (Vaults:1)
  7 water moccasins
  2 spectral cane toads (Lair:5)
  An acid dragon (D:12)
  A floating eye (Depths:3)
  A hell hound (Elf:1)
  15 orc warriors
  Duvessa (D:6)
  An elephant zombie (Lair:5)
  A black bear (D:8)
  A sky beast (D:7)
  16 ogres
  3 centaurs
  4 boggarts
  12 wolves
  A kobold brigand (D:8)
  2 earth elementals (Elf:3)
  3 gnoll sergeants
  11 bullfrogs
  A cane toad simulacrum (Lair:5)
  A scorpion (D:5)
  A raiju zombie (Crypt:1)
  9 killer bees
  2 wights (D:9)
  An electric eel (Lair:1)
  2 howler monkeys (D:9)
  A crimson imp (D:13)
  A bullfrog zombie (Crypt:1)
  6 orc priests
  A gnoll bouda (D:9)
  13 orc wizards
  7 gnolls
  26 orcs
  3 kobolds (D:8)
  A starspawn tentacle (WizLab)
  3 tentacles (Shoals:4)
787 creatures vanquished.

Vanquished Creatures (others)
  Arachne (Spider:3)
  Nikola (Spider:3)
  2 deep trolls
  2 wolf spiders
  A freezing wraith (Vaults:5)
  A golden dragon simulacrum (Depths:4)
  A culicivora (Spider:3)
  A jumping spider (Spider:3)
  80 battlemagi
  4 ancestors
  A bush (Lair:5)
  25 fungi
  64 plants
  A starspawn tentacle (WizLab)
  15 tentacles
  26 withered plants
226 creatures vanquished.

Grand Total: 2551 creatures vanquished

Notes
Turn   | Place    | Note
-------+----------+-------------------------------------------
     0 | D:1      | Colgate the Gargoyle Earth Elementalist began the quest for
                  | the Orb.
     0 | D:1      | Reached XP level 1. HP: 10/10 MP: 3/3
   123 | D:1      | Reached XP level 2. HP: 15/15 MP: 1/5
   254 | D:1      | Learned a level 2 spell: Passwall
   264 | D:1      | Reached skill level 1 in Fighting
   356 | D:1      | Found Enkyadim's Antique Weapon Boutique.
   844 | D:2      | Reached XP level 3. HP: 21/21 MP: 4/6
  1332 | D:2      | Reached XP level 4. HP: 28/28 MP: 5/7
  1377 | D:2      | Reached skill level 1 in Armour
  1592 | D:3      | Found a stormy altar of Qazlal.
  1607 | D:3      | Found a hazy altar of Hepliaklqana.
  1947 | D:3      | Became a worshipper of Hepliaklqana the Forgotten
  2125 | D:3      | Reached skill level 1 in Axes
  2200 | D:3      | Found a faded altar of an unknown god.
  3086 | D:4      | Reached XP level 5. HP: 30/32 MP: 6/8
  3208 | D:4      | Found an ancient bone altar of Kikubaaqudgha.
  3208 | D:4      | Found a radiant altar of Vehumet.
  3231 | D:5      | Entered Level 5 of the Dungeon
  3296 | D:5      | Reached XP level 6. HP: 20/37 MP: 5/9
  3647 | D:5      | Found an ornate altar of the Wu Jian Council.
  3815 | D:5      | Reached * piety under Hepliaklqana
  3870 | D:5      | Reached XP level 7. HP: 28/36 MP: 7/10
  3999 | D:5      | Identified the +6 war axe of Ledolip {flame, rElec rPois
                  | rF- SInv}
  4099 | D:5      | Reached skill level 1 in Shields
  4230 | D:5      | Reached skill level 5 in Axes
  4316 | D:6      | Noticed Dowan
  4324 | D:6      | Killed Dowan
  4354 | D:6      | Reached XP level 8. HP: 41/41 MP: 11/11
  4368 | D:6      | Noticed Duvessa
  4401 | D:6      | Killed Duvessa
  4524 | D:6      | Found a staircase to the Ecumenical Temple.
  4534 | D:6      | Found a basalt altar of Yredelemnul.
  4580 | Temple   | Entered the Ecumenical Temple
  5021 | D:6      | Noticed Maggie
  5026 | D:6      | Found Ohis's Antique Weapon Shoppe.
  5042 | D:6      | Killed Maggie
  5043 | D:6      | Reached XP level 9. HP: 17/45 MP: 5/12
  5207 | D:6      | Identified the +2 whip "Yniv" {vorpal, rElec}
  5520 | D:7      | Reached skill level 5 in Fighting
  5525 | D:7      | Found a glowing golden altar of the Shining One.
  5540 | D:7      | Reached skill level 1 in Evocations
  5956 | D:7      | Reached ** piety under Hepliaklqana
  5957 | D:7      | Remembered your ancestor Servia as a battlemage
  6337 | D:7      | Reached XP level 10. HP: 57/59 MP: 11/13
  6658 | D:8      | Noticed Erica
  6672 | D:8      | Killed Erica
  6820 | D:8      | Noticed an elephant
  6828 | D:8      | Killed an elephant
  6929 | D:7      | Noticed a rust devil
  6929 | D:7      | Noticed a rust devil
  6929 | D:7      | Identified the +5 war axe of Rubbish {drain, +Blink rN++
                  | Str-5 Int+8}
  7011 | D:8      | Found a staircase to the Lair.
  7121 | D:8      | Reached skill level 10 in Axes
  7122 | D:8      | Noticed Joseph
  7136 | D:8      | Reached skill level 10 in Fighting
  7142 | D:8      | Reached XP level 11. HP: 56/65 MP: 12/14
  7146 | D:8      | Killed Joseph
  7500 | D:9      | Found a large runed translucent door.
  7501 | D:9      | Found a large runed translucent door.
  7504 | D:9      | Noticed bosakos's ghost (novice GnWn)
  7505 | D:9      | You fall into a shaft and drop 1 floor!
  7505 | D:10     | Entered Level 10 of the Dungeon
  7551 | D:10     | Reached *** piety under Hepliaklqana
  7626 | D:10     | Noticed a centaur warrior
  7637 | D:10     | Killed a centaur warrior
  8413 | D:10     | Found a white marble altar of Elyvilon.
  8638 | D:9      | Killed bosakos's ghost
  8645 | D:9      | Identified the +0 ring mail of Mumun {Rampage Will+ Int-3
                  | Dex+2}
  9528 | D:11     | Reached **** piety under Hepliaklqana
  9528 | D:11     | Found a staircase to the Orcish Mines.
  9785 | D:11     | Reached skill level 1 in Invocations
 10458 | D:11     | Reached skill level 5 in Invocations
 10648 | D:11     | Found a staircase to the Orcish Mines.
 11006 | D:12     | Noticed a deep elf pyromancer
 11030 | D:12     | Killed a deep elf pyromancer
 11059 | D:12     | Noticed Sonja
 11080 | D:12     | Killed Sonja
 11081 | D:12     | Reached XP level 12. HP: 60/73 MP: 12/16
 11121 | D:12     | Noticed a boulder beetle
 11127 | D:12     | Killed a boulder beetle
 11937 | D:12     | Noticed Snorg
 11945 | D:12     | Killed Snorg
 12249 | Lair:1   | Entered Level 1 of the Lair of Beasts
 12312 | Lair:1   | Reached ***** piety under Hepliaklqana
 12638 | Lair:1   | Found an ornate altar of the Wu Jian Council.
 13258 | Lair:2   | Found an ornate altar of the Wu Jian Council.
 13258 | Lair:2   | Found a hide-covered altar of Uskayaw.
 13258 | Lair:2   | Noticed a boulder beetle
 13285 | Lair:2   | Killed a boulder beetle
 13367 | Lair:2   | Reached XP level 13. HP: 79/79 MP: 17/17
 13395 | Lair:2   | Found a staircase to the Shoals.
 13638 | Lair:2   | Identified the +0 ring mail of Shadows and Fog {Contam Harm
                  | Str+8}
 14079 | Lair:3   | Reached skill level 1 in Throwing
 14169 | Lair:3   | Noticed Gastronok
 14178 | Lair:3   | Killed Gastronok
 14239 | Lair:3   | Identified the +0 flail "Dragonslayer" {flame, Will+}
 14350 | Lair:3   | Found a transporter.
 14352 | Lair:3   | Found a transporter.
 14355 | Lair:3   | Noticed CrazyBamboolord's ghost (journeyman TeAE)
 14675 | Lair:3   | Found a hole to the Spider Nest.
 15137 | Lair:3   | Found a transporter.
 15173 | Lair:3   | Found a transporter.
 15567 | Lair:3   | Found a hole to the Spider Nest.
 16786 | Lair:4   | Found a viscous altar of Jiyva.
 16787 | Lair:4   | Found a staircase to the Slime Pits.
 17725 | Lair:4   | Found a staircase to the Slime Pits.
 17726 | Lair:4   | Found a viscous altar of Jiyva.
 18036 | Lair:5   | Entered Level 5 of the Lair of Beasts
 18090 | Lair:5   | Reached ****** piety under Hepliaklqana
 18179 | Lair:5   | Reached skill level 5 in Shields
 18229 | Lair:5   | Gained mutation: Your large and strong wings let you fly.
                  | [Gargoyle growth]
 18229 | Lair:5   | Reached XP level 14. HP: 72/86 MP: 14/18
 18231 | Lair:5   | Reached skill level 5 in Stealth
 18642 | Lair:5   | Reached skill level 15 in Fighting
 19253 | Lair:5   | Reached skill level 10 in Armour
 19650 | Lair:5   | Noticed a dire elephant
 19650 | Lair:5   | Noticed a dire elephant
 19650 | Lair:5   | Noticed a dire elephant
 19650 | Lair:5   | Noticed a dire elephant
 19655 | Lair:5   | Noticed a dire elephant
 19741 | Lair:5   | Killed a dire elephant
 20079 | Lair:5   | Identified the +1 pair of boots of the Fiddle {Harm rF+++
                  | Will+ Str-2}
 20309 | Orc:1    | Entered Level 1 of the Orcish Mines
 20434 | Orc:2    | Entered Level 2 of the Orcish Mines
 20434 | Orc:2    | Found a staircase to the Elven Halls.
 20535 | Orc:2    | Noticed Urug
 20966 | Orc:2    | Killed Urug
 21311 | Orc:2    | Reached XP level 15. HP: 93/96 MP: 19/19
 21373 | Orc:2    | Found Metyf's Firing Range.
 21999 | Orc:2    | Found Ceogurgh's Armour Boutique.
 21999 | Orc:2    | Found Wafauso's General Store.
 21999 | Orc:2    | Found Polyahel's Antique Armour Emporium.
 21999 | Orc:2    | Found Homal's Antique Weapon Boutique.
 22471 | Orc:1    | Found Seirieb's Assorted Antiques.
 22639 | Orc:2    | Bought the +8 chain mail of the Moon Troll {rC+ Str+2} for
                  | 689 gold pieces
 22653 | Orc:2    | Bought a twisted ring mail for 225 gold pieces
 22653 | Orc:2    | Identified the +0 ring mail of Action {Slay+3} (You bought
                  | it in a shop on level 2 of the Orcish Mines)
 22691 | Orc:1    | Bought a bloodstained dagger for 245 gold pieces
 22691 | Orc:1    | Identified the +8 dagger of Sloth {protect, Drain rN+++
                  | Will- Int+2} (You bought it in a shop on level 1 of the
                  | Orcish Mines)
 23368 | D:13     | Identified a scroll of acquirement
 23695 | D:13     | Found a frozen archway.
 23698 | D:13     | Reached skill level 15 in Axes
 23709 | IceCv    | Entered an ice cave
 24194 | IceCv    | Noticed a frost giant
 24210 | IceCv    | Killed a frost giant
 24223 | IceCv    | Acquired a manual of Armour
 24553 | D:13     | Found a runed translucent door.
 24556 | D:13     | Noticed a balrug
 24556 | D:13     | Found the +8 mithril axe "Arga" {speed, Will+}
 24567 | D:13     | Killed a balrug
 25095 | D:14     | Reached XP level 16. HP: 96/102 MP: 15/21
 25137 | D:14     | Found a gate to the Vaults.
 25936 | D:15     | Entered Level 15 of the Dungeon
 26381 | D:15     | Reached skill level 15 in Armour
 26845 | D:15     | Found a staircase to the Depths.
 27119 | Shoals:1 | Entered Level 1 of the Shoals
 27996 | Shoals:1 | Noticed a kraken
 28006 | Shoals:1 | Killed a kraken
 31250 | Shoals:3 | Reached XP level 17. HP: 71/107 MP: 13/22
 31668 | Shoals:4 | Entered Level 4 of the Shoals
 31810 | Shoals:4 | Reached skill level 10 in Shields
 32013 | Shoals:4 | Noticed a kraken
 32935 | Shoals:4 | Killed a kraken
 33058 | Shoals:4 | Got a barnacled rune of Zot
 33406 | Shoals:4 | Identified the +0 cloak of the Gloaming {rPois rC+ Int+3}
 33679 | Shoals:4 | Noticed a kraken
 33688 | Shoals:4 | Killed a kraken
 34186 | Spider:1 | Entered Level 1 of the Spider Nest
 34904 | Spider:1 | Identified the +8 short sword of Frustration {antimagic,
                  | Str+2}
 35669 | Spider:1 | Reached XP level 18. HP: 82/111 MP: 16/23
 35860 | Spider:1 | Reached skill level 15 in Shields
 38086 | Spider:3 | Noticed Nikola
 38154 | Spider:3 | Killed Nikola
 38991 | Spider:3 | Noticed Arachne
 39109 | Spider:3 | Killed Arachne
 40100 | Spider:4 | Entered Level 4 of the Spider Nest
 43715 | Spider:4 | Reached XP level 19. HP: 68/117 MP: 1/24
 43923 | Spider:4 | Got a gossamer rune of Zot
 44187 | Lair:3   | Killed CrazyBamboolord's ghost
 44937 | Elf:1    | Entered Level 1 of the Elven Halls
 45045 | Elf:1    | Paralysed by an air elemental for 1 turns
 45221 | Elf:1    | Noticed Azrael
 45231 | Elf:1    | Killed Azrael
 45617 | Elf:1    | Noticed Asterion
 45635 | Elf:1    | Killed Asterion
 45731 | Elf:1    | Noticed Frances
 45737 | Elf:1    | Killed Frances
 46399 | Elf:2    | Paralysed by an air elemental for 1 turns
 47539 | Elf:2    | Identified the +2 rapier of the Feather {vorpal, rElec}
 47733 | Elf:2    | Found a runed translucent gate.
 47734 | Elf:2    | Found a runed translucent gate.
 47734 | Elf:2    | Found a runed translucent gate.
 47844 | Elf:3    | Entered Level 3 of the Elven Halls
 48368 | Elf:3    | Identified the +0 robe "Ickeer" {Str+2 SInv}
 48741 | Elf:3    | Paralysed by an air elemental for 1 turns
 48962 | Elf:3    | Paralysed by an air elemental for 1 turns
 49695 | Elf:3    | Noticed a Tzitzimitl
 49696 | Elf:3    | Reached XP level 20. HP: 110/128 MP: 27/27
 49751 | Elf:3    | Reached skill level 10 in Invocations
 50298 | Elf:3    | Identified the amulet of Qeoguqep {RegenMP rN+ Regen+ rCorr
                  | Str-3}
 51027 | Elf:3    | Identified the +7 lajatang "Tonwafio" {holy, *Corrode rC+
                  | rN+ Str+5}
 51030 | Elf:3    | Identified the +7 trident of Nuwia {elec, rElec Str+2 Dex+5
                  | Stlth-}
 51062 | Elf:3    | Found the +3 giant club "Skullcrusher" {speed, Str+7}
 51066 | Elf:3    | Identified the +9 arbalest of the Grave {flame, Fragile Fly
                  | rF+++ Dex+4}
 52409 | Vaults:1 | Entered Level 1 of the Vaults
 52679 | Vaults:1 | Identified the +7 plate armour "Cusmo" {Regen+ Dex+4}
 53010 | Vaults:1 | Found Tashreghu's Magic Scroll Boutique.
 53074 | Vaults:1 | Found a portal to a secret trove of treasure.
 53878 | Vaults:2 | You are sucked into a shaft and drop 1 floor!
 54016 | Vaults:2 | Reached XP level 21. HP: 137/137 MP: 28/28
 55510 | Vaults:3 | Found a staircase to the Crypt.
 55607 | Vaults:3 | Noticed Sojobo
 55626 | Vaults:3 | Killed Sojobo
 56019 | Orc:2    | Bought the +10 tower shield of Ignorance {rN+ Int-4} for
                  | 630 gold pieces
 56019 | Orc:2    | Found the +10 tower shield of Ignorance {rN+ Int-4}
 57475 | Vaults:4 | Noticed Mara
 57475 | Vaults:4 | Noticed Saint Roka
 57538 | Vaults:4 | Killed Mara
 57666 | Vaults:4 | Killed Saint Roka
 57832 | Vaults:4 | Identified the amulet of Goloul {Acrobat Will+ Str+2}
 58283 | Vaults:5 | Entered Level 5 of the Vaults
 58314 | Vaults:5 | Reached XP level 22. HP: 144/144 MP: 24/29
 58325 | Vaults:5 | Noticed a dread lich
 58328 | Vaults:5 | Noticed a dread lich
 58336 | Vaults:5 | Noticed a golden dragon
 58348 | Vaults:5 | Killed a golden dragon
 58461 | Vaults:5 | Identified the +1 robe of Oblivion {Dex+7}
 59063 | Vaults:5 | Identified the ring "Giejuledd" {Wiz *Slow rElec rF+ Str+2}
 59130 | Vaults:5 | Identified the +12 plate armour of Calculation {rElec
                  | Will+++ Str-3 Slay-6}
 59148 | Vaults:5 | Killed a dread lich
 59886 | Vaults:5 | Acquired 774 gold pieces
 60825 | Vaults:5 | Noticed a golden dragon
 60849 | Vaults:5 | Killed a golden dragon
 60865 | Vaults:5 | Killed a dread lich
 61065 | Vaults:5 | Reached XP level 23. HP: 153/153 MP: 30/30
 62400 | Vaults:5 | Found the +0 pair of fencer's gloves {Riposte Dex+3}
 62707 | Vaults:5 | Got the Secrets of the Valley of Death
 62875 | Vaults:5 | Found Asaceh's Distillery.
 62876 | Vaults:5 | Found Linyn's Distillery.
 62880 | Vaults:5 | Got a silver rune of Zot
 62881 | Vaults:5 | Found Wil Cuish's General Store.
 62930 | Vaults:5 | Found Okod's Distillery.
 63258 | Vaults:5 | Found Asaceh's Distillery.
 63259 | Vaults:5 | Found Linyn's Distillery.
 63287 | Vaults:5 | Found Wil Cuish's General Store.
 63291 | Vaults:5 | Found Okod's Distillery.
 64238 | Vaults:1 | You paid a toll of +2 gold dragon scales to enter a
                  | treasure trove
 64239 | Trove    | Entered a treasure trove
 64299 | Trove    | Got the Secrets of Supportive Coordinates
 64303 | Trove    | Got Xoenae's Anthology of Dynamic Beckoning
 64645 | Crypt:1  | Entered Level 1 of the Crypt
 65394 | Crypt:1  | Found a runed translucent gate.
 65395 | Crypt:1  | Found a runed translucent gate.
 65396 | Crypt:1  | Found a runed translucent gate.
 65397 | Crypt:1  | Found an iron altar of Okawaru.
 65397 | Crypt:1  | Noticed Ijustatesigmund's ghost (adept DjFE)
 68934 | Crypt:3  | Entered Level 3 of the Crypt
 69904 | Crypt:3  | Found a staircase to the Tomb.
 70445 | Crypt:3  | Found an ancient bone altar of Kikubaaqudgha.
 70483 | Crypt:3  | Identified the +8 mace of Yredelemnul's Reproof {flame,
                  | Dex+2}
 70492 | Crypt:3  | Noticed an ancient lich
 70501 | Crypt:3  | Killed an ancient lich
 70502 | Crypt:3  | Reached XP level 24. HP: 162/162 MP: 30/30
 70808 | Crypt:3  | Reached skill level 27 in Fighting
 71416 | Crypt:1  | Killed Ijustatesigmund's ghost
 71478 | Crypt:1  | Identified the +7 demon trident of Conscience {elec, Str+4}
 71885 | D:15     | Found a staircase to the Depths.
 72312 | Depths:1 | Entered Level 1 of the Depths
 72553 | Depths:1 | Found a magical portal.
 72597 | WizLab   | Entered Alistair's Party Mansion
 73495 | WizLab   | Got the Book of Changing Filth
 74339 | Depths:1 | Found a shadowy altar of Dithmenos.
 74421 | Depths:1 | Found a one-way gate to the infinite horrors of the Abyss.
 74578 | Depths:1 | Found a gateway to Hell.
 74719 | Depths:2 | Noticed a juggernaut
 75564 | Depths:2 | Reached XP level 25. HP: 153/168 MP: 30/30
 75586 | Depths:2 | Killed a juggernaut
 75784 | Depths:2 | Identified the +1 ring mail "Dakhlen" {rC+}
 75806 | Depths:2 | Found the +7 great mace "Firestarter" {inner flame, rF++}
 75937 | Depths:2 | Found a one-way gateway to a ziggurat.
 76045 | Depths:2 | Found an opulent altar of Gozag.
 76083 | Depths:2 | Acquired the +1 pair of gloves of the Ego {rElec rC++
                  | Regen+ Int-3}
 76084 | Depths:2 | Reached skill level 27 in Shields
 76084 | Depths:2 | Acquired 972 gold pieces
 76350 | Depths:2 | Found a one-way gate leading to the halls of Pandemonium.
 76438 | Zig:1    | Entered Level 1 of a ziggurat
 76454 | Zig:2    | Entered Level 2 of a ziggurat
 76485 | Zig:3    | Entered Level 3 of a ziggurat
 76514 | Zig:4    | Entered Level 4 of a ziggurat
 76515 | Zig:4    | Noticed a dread lich
 76523 | Zig:4    | Killed a dread lich
 76537 | Zig:5    | Entered Level 5 of a ziggurat
 76537 | Zig:5    | Found the +3 hat of Pondering {ponderous, Will+ MP+10
                  | Int+5}
 76557 | Zig:5    | Identified the +1 scale mail of Slovenliness {Str+4 Dex+2}
 76570 | Zig:6    | Entered Level 6 of a ziggurat
 76575 | Zig:6    | Noticed Noahi the pandemonium lord
 76583 | Zig:6    | Killed Noahi the pandemonium lord
 76592 | Zig:6    | Found the +12 pair of quick blades "Gyre" and "Gimble"
                  | {protect}
 76665 | Zig:6    | Identified the +6 flail "Letehergh" {spect, Str+2}
 77172 | Depths:3 | Noticed a juggernaut
 77184 | Depths:3 | Killed a juggernaut
 77644 | Depths:3 | Noticed a juggernaut
 77798 | Depths:3 | Reached XP level 26. HP: 173/173 MP: 30/30
 77827 | Depths:3 | Paralysed by a floating eye for 4 turns
 77904 | Depths:3 | Killed a juggernaut
 77909 | Depths:3 | Noticed a juggernaut
 77938 | Depths:3 | Killed a juggernaut
 77968 | Depths:3 | Identified the ring of Ezussip {Fly Int+3}
 78777 | Depths:4 | Entered Level 4 of the Depths
 78853 | Depths:4 | Found a flickering gateway to a bazaar.
 78941 | Bazaar   | Entered a bazaar
 78945 | Bazaar   | Found Pufal's Assorted Antiques.
 78966 | Bazaar   | Found Osurec's Antique Weapon Emporium.
 78988 | Bazaar   | Found Ocybiw's Book Boutique.
 79008 | Bazaar   | Found Xyucuam's Antique Armour Shoppe.
 79040 | Bazaar   | Bought a heavily runed scale mail for 216 gold pieces
 79040 | Bazaar   | Identified the +1 scale mail of Geovos {Fly rF- Int+5 SInv}
                  | (You bought it in a shop in a bazaar)
 79040 | Bazaar   | Bought a shiny plate armour for 624 gold pieces
 79072 | Bazaar   | Bought a polished war axe for 187 gold pieces
 79072 | Bazaar   | Identified the +2 war axe of Ynuxkiz {pain, Int+5} (You
                  | bought it in a shop in a bazaar)
 79087 | Bazaar   | Bought a wand of quicksilver (6) for 428 gold pieces
 79273 | Depths:4 | Found a gate to the Realm of Zot.
 79273 | Depths:4 | Identified the +0 buckler of Ommudd {Harm rC+}
 79316 | Depths:4 | Identified the +1 scale mail of Bafacev {rElec rCorr Int-5}
 79545 | Depths:4 | Identified the ring of the Lily {Ice Dex+6}
 79545 | Depths:4 | Noticed Josephina
 79609 | Depths:4 | Killed Josephina
 79808 | Depths:4 | Found an ancient bone altar of Kikubaaqudgha.
 79960 | Depths:4 | Reached skill level 27 in Armour
 80571 | Vaults:1 | Bought a scroll of enchant armour for 112 gold pieces
 80571 | Vaults:1 | Bought a scroll of brand weapon for 142 gold pieces
 80571 | Vaults:1 | Bought a scroll of enchant armour for 112 gold pieces
 82482 | Orc:2    | Bought a scarf of shadows for 132 gold pieces
 82907 | Orc:2    | Bought a potion of berserk rage for 55 gold pieces
 82907 | Orc:2    | Bought a scroll of teleportation for 33 gold pieces
 82907 | Orc:2    | Bought a potion of curing for 33 gold pieces
 82907 | Orc:2    | Bought a potion of mutation for 88 gold pieces
 83150 | Vaults:5 | Bought a potion of might for 64 gold pieces
 83150 | Vaults:5 | Bought a potion of curing for 48 gold pieces
 83150 | Vaults:5 | Bought a potion of heal wounds for 80 gold pieces
 83150 | Vaults:5 | Bought a potion of curing for 48 gold pieces
 83161 | Vaults:5 | Bought a potion of curing for 63 gold pieces
 83161 | Vaults:5 | Bought a potion of curing for 63 gold pieces
 83161 | Vaults:5 | Bought a potion of heal wounds for 105 gold pieces
 83161 | Vaults:5 | Bought a potion of curing for 63 gold pieces
 83178 | Vaults:5 | Bought a potion of resistance for 230 gold pieces
 83178 | Vaults:5 | Bought a potion of attraction for 69 gold pieces
 83178 | Vaults:5 | Bought a potion of attraction for 69 gold pieces
 83178 | Vaults:5 | Bought a potion of curing for 69 gold pieces
 83178 | Vaults:5 | Bought a potion of curing for 69 gold pieces
 83178 | Vaults:5 | Bought a potion of heal wounds for 115 gold pieces
 83178 | Vaults:5 | Bought a potion of curing for 69 gold pieces
 83178 | Vaults:5 | Bought a potion of berserk rage for 115 gold pieces
 83178 | Vaults:5 | Bought a potion of berserk rage for 115 gold pieces
 83244 | Vaults:5 | Bought 2 scrolls of teleportation for 72 gold pieces
 83244 | Vaults:5 | Bought 3 scrolls of teleportation for 108 gold pieces
 83244 | Vaults:5 | Bought a wand of flame (11) for 92 gold pieces
 83494 | Orc:1    | Bought a potion of invisibility for 280 gold pieces
 83494 | Orc:1    | Bought a scroll of teleportation for 105 gold pieces
 83494 | Orc:1    | Bought a scroll of fog for 140 gold pieces
 83494 | Orc:1    | Bought a scroll of magic mapping for 262 gold pieces
 83494 | Orc:1    | Bought 2 scrolls of fear for 280 gold pieces
 83742 | Zot:1    | Entered Level 1 of the Realm of Zot
 83805 | Zot:1    | Reached skill level 5 in Evocations
 84029 | Zot:1    | Reached XP level 27. HP: 149/179 MP: 31/31
 86554 | Zot:3    | Reached skill level 15 in Invocations
 88182 | Zot:5    | Entered Level 5 of the Realm of Zot
 88195 | Zot:5    | Reached skill level 10 in Evocations
 89397 | Zot:5    | Noticed a dread lich
 89399 | Zot:5    | Noticed an ancient lich
 89402 | Zot:5    | Killed a dread lich
 89410 | Zot:5    | Killed an ancient lich
 93485 | Zot:5    | Noticed an ancient lich
 93486 | Zot:5    | Noticed an orb of fire
 93488 | Zot:5    | Noticed an orb of fire
 93492 | Zot:5    | Reached skill level 1 in Translocations
 93503 | Zot:5    | Noticed an orb of fire
 93504 | Zot:5    | Killed an ancient lich
 93506 | Zot:5    | Noticed a dread lich
 93525 | Zot:5    | Gained mutation: You are clumsy. (Dex -2) [an orb of fire]
 93531 | Zot:5    | Gained mutation: You are dopey. (Int -2) [an orb of fire]
 93533 | Zot:5    | Killed an orb of fire
 93537 | Zot:5    | Gained mutation: You have large cloven feet. [an orb of
                  | fire]
 93542 | Zot:5    | Gained mutation: You are vulnerable to cold. (rC-) [an orb
                  | of fire]
 93548 | Zot:5    | Killed an orb of fire
 93560 | Zot:5    | Gained mutation: You are very dopey. (Int -4) [an orb of
                  | fire]
 93574 | Zot:5    | Killed an orb of fire
 93593 | Zot:5    | Killed a dread lich
 93594 | Zot:5    | Reached skill level 5 in Translocations
 93604 | Zot:5    | Noticed a dread lich
 93636 | Zot:5    | Killed a dread lich
 94150 | Zot:5    | Noticed an ancient lich
 94222 | Zot:5    | Learned a level 2 spell: Blink
 94983 | Zot:5    | Killed an ancient lich
 95690 | Zot:5    | Reached skill level 5 in Spellcasting
 95723 | Zot:5    | Learned a level 1 spell: Apportation
 95879 | Zot:5    | Noticed an ancient lich
 95902 | Zot:5    | Killed an ancient lich
 96324 | Zot:5    | Got the Orb of Zot
 96405 | Zot:4    | Noticed Jeatyrr the pandemonium lord
 96670 | D:15     | Reached skill level 10 in Translocations
 96691 | D:15     | Gained mutation: You are frail. (-10% HP) [a cacodemon]
 96870 | D:5      | Lost mutation: You are very dopey. (Int -4) [potion of
                  | mutation]
 96870 | D:5      | Lost mutation: You are clumsy. (Dex -2) [potion of
                  | mutation]
 96870 | D:5      | Lost mutation: You are dopey. (Int -2) [potion of mutation]
 96870 | D:5      | Lost mutation: You are frail. (-10% HP) [potion of
                  | mutation]
 96870 | D:5      | Gained mutation: You sometimes lose your temper in combat.
                  | [potion of mutation]
 96870 | D:5      | Gained mutation: Your spells are a little harder to cast,
                  | but a little more powerful. [potion of mutation]
 96871 | D:5      | Lost mutation: Your spells are a little harder to cast, but
                  | a little more powerful. [potion of mutation]
 96871 | D:5      | Lost mutation: You are vulnerable to cold. (rC-) [potion of
                  | mutation]
 96871 | D:5      | Gained mutation: Potions are less effective at restoring
                  | your health. [potion of mutation]
 96871 | D:5      | Gained mutation: You have hidden genetic potential. [potion
                  | of mutation]
 96872 | D:5      | Lost mutation: You have hidden genetic potential. [potion
                  | of mutation]
 96872 | D:5      | Lost mutation: You sometimes lose your temper in combat.
                  | [potion of mutation]
 96872 | D:5      | Gained mutation: You are occasionally teleported next to
                  | monsters. [potion of mutation]
 96873 | D:5      | Lost mutation: You have large cloven feet. [potion of
                  | mutation]
 96873 | D:5      | Lost mutation: Potions are less effective at restoring your
                  | health. [potion of mutation]
 96873 | D:5      | Gained mutation: You passively map a small area around you.
                  | [potion of mutation]
 96873 | D:5      | Gained mutation: You have supernaturally acute eyesight.
                  | (SInv) [potion of mutation]
 96873 | D:5      | Gained mutation: You have sharp fingernails. [potion of
                  | mutation]
 96874 | D:5      | Lost mutation: You have sharp fingernails. [potion of
                  | mutation]
 96874 | D:5      | Lost mutation: You are occasionally teleported next to
                  | monsters. [potion of mutation]
 96874 | D:5      | Gained mutation: Your spells are a little harder to cast,
                  | but a little more powerful. [potion of mutation]
 96874 | D:5      | Gained mutation: You are partially covered in iridescent
                  | scales. (AC +2) [potion of mutation]
 96874 | D:5      | Gained mutation: Your spells are harder to cast, but more
                  | powerful. [potion of mutation]
 96874 | D:5      | Gained mutation: You are agile. (Dex +4, Str/Int -1)
                  | [potion of mutation]
 96944 | D:3      | Prayed at the altar of an unknown god.
 96944 | D:3      | Fell from the grace of Hepliaklqana
 96944 | D:3      | Became a worshipper of Makhleb the Destroyer
 96944 | D:3      | Reached * piety under Makhleb
 96973 | D:3      | Noticed Keinn the pandemonium lord
 97001 | D:$      | Escaped with the Orb!

Illustrated notes

Levels and vault maps discovered:
D:1:      dpeg_arrival_stonehenge_12_columns, layout_loops_ring, serial_shops,
          shop
D:2:      layout_rooms, minmay_tree_intersection
D:3:      layout_basic, mainiacjoe_overflow_catwalk_spiral,
          shapermc_ecumenical_altar_mp_highgroup
D:4:      layout_loops_cross, gammafunk_temple_overflow_elements,
          cheibrodos_sewer_entry_bend
D:5:      kennysheep_six_static_rooms, layout_rooms,
          nicolae_wu_jian_wuxing_cycle
D:6:      layout_loops_cross, yredelemnul_altar_generic, temple_pool_b,
          serial_shops, shop_fountains, uniq_duvessa, uniq_maggie
D:7:      cheibrodos_iron_armory, layout_loops_ring,
          mainiacjoe_overflow_brackets
D:8:      minmay_s_stair_smasher, layout_rooms, david_lair_generic, uniq_joseph,
          uniq_erica
D:9:      layout_roguey, ebering_ghost_disaster_area
D:10:     layout_irregular_city, mainiacjoe_overflow_six_doors_small
D:11:     layout_gridville, orc_0_dummy
D:12:     layout_cave_pods, nicolae_water_bricks, uniq_sonja, uniq_snorg
D:13:     dreamdust_dug_too_deep, layout_irregular_city,
          portal_ice_cave_demonic_guard, minmay_nine_imps
D:14:     layout_irregular_city, david_vaults_2, minmay_misc_feat_rugged
D:15:     grunt_enter_depths_snipers, layout_long_grid, minmay_crystal_room
Temple:   eino_temple_water
Lair:1:   layout_regular_city, basic_altar, serial_bayou_lake_a
Lair:2:   layout_roguey, elwin_shoals_entry_stream,
          nzn_masters_of_martial_movement, lemuel_fruit_tree
Lair:3:   layout_regular_city, spider_nest_entry_funnel_web, nzn_ghost_randoct,
          serial_bayou_shore_b, serial_bayou_shore_b, uniq_gastronok
Lair:4:   layout_cave_pods, slime_entry_1
Lair:5:   due_jungle_book, layout_small_grid, special_room [special_room_bee],
          nicolae_lair_run_with_the_wolves
Shoals:1: layout_shoals
Shoals:2: layout_shoals
Shoals:3: layout_shoals
Shoals:4: shoals_end_hangedman, layout_shoals
Spider:1: layout_spider_delve
Spider:2: layout_chambers
Spider:3: layout_spider_delve, drop_trap, nicolae_spider_webbed_stairs,
          uniq_nikola, uniq_arachne
Spider:4: grunt_spider_rune_parallel
Orc:1:    layout_caves, serial_shops, nicolae_shop_window_shopping
Orc:2:    st_orc_ogre_mass, layout_caves, basic_altar,
          nicolae_orc_flooded_monolith, nicolae_shop_firing_range, uniq_urug
Elf:1:    layout_onion_city, minmay_elf_annihilation, uniq_frances,
          uniq_asterion, uniq_azrael
Elf:2:    nicolae_elf_blades_crystal_corner, layout_geoelf_octagon,
          nicolae_elf_deep_friendship
Elf:3:    minmay_elf_hall_curves, layout_geoelf_castle, serial_corexii_hall,
          chequers_hall_statues_corner_a, corexii_hall_statues_s
Vaults:1: vaults_room_grid, vaults_room_pool, vaults_dpeg_ring,
          nicolae_vaults_theta, vaults_room_fours, ontoclasm_vaults_idyll,
          hangedman_vaults_slice, vaults_dpeg_encased_lava, vaults_room_pools,
          layout_vaults_big_room, trove_entry_hex_spiral, serial_shops, shop
Vaults:2: hangedman_vaults_slither, v_misc_26, v_misc_12,
          vaults_room_stairs_pillars, v_misc_1, v_misc_30,
          hangedman_vaults_nails, layout_vaults_maze
Vaults:3: hangedman_vaults_stagger, hangedman_vaults_nodes,
          nicolae_vaults_display_case, minmay_crypt_entry_simple_corners,
          hangedman_vaults_trim, nicolae_vaults_rhombus_6, v_rooms_3,
          vaults_room_grid, v_misc_8, vaults_room_octagon,
          ontoclasm_vaults_ring_small, ontoclasm_vaults_decontamination,
          v_alt_pattern_6, v_alt_pattern_4, nicolae_vaults_rhombus_6,
          vaults_room_pool, layout_vaults_omnicross, uniq_sojobo
Vaults:4: nicolae_vaults_diagonal_hallway_8, vaults_room_pool,
          ontoclasm_vaults_shuriken, serial_ice_h, nicolae_vaults_specimen_jars,
          vaults_room_pool, v_alt_pattern_2, grunt_vaults_funnel,
          layout_vaults_omnigrid, uniq_saint_roka, uniq_mara
Vaults:5
Crypt:1:  layout_regular_city, gammafunk_ghost_fury_of_okawaru
Crypt:2:  layout_rooms
Crypt:3:  quadcrypt_mu, uniq_margery
Depths:1: grated_community_mu [grated_community_mu_vampire_home,
          grated_community_mu_giant_home, grated_community_mu_spellcaster_home,
          grated_community_mu_orcish_home, grated_community_mu_troll_home,
          grated_community_mu_taur_home, grated_community_mu_unbuilt_plot],
          layout_cave_pools, infiniplex_enter_wizlab_spiral,
          abyss_entry_crystal, lightli_too_deep, nicolae_dithmenos_the_darkroom
Depths:2: minmay_the_grid_square_5x5_4x4_mashed
          [minmay_the_grid_square_5x5_three,
          minmay_the_grid_square_5x5_beaten_path,
          minmay_the_grid_square_5x5_meh, minmay_the_grid_square_5x5_six,
          minmay_the_grid_square_5x5_fat_x,
          minmay_the_grid_square_5x5_prize_pseudospiral,
          minmay_the_grid_square_5x5_prize_deathbox,
          minmay_the_grid_square_5x5_bracketed,
          minmay_the_grid_square_5x5_sharp_hourglass,
          minmay_the_grid_square_5x5_prize_gold,
          minmay_the_grid_square_5x5_prize_monsterx,
          minmay_the_grid_square_5x5_inner_z, minmay_the_grid_square_5x5_bite,
          minmay_the_grid_square_5x5_pentomino_r,
          minmay_the_grid_square_5x5_eight, minmay_the_grid_square_5x5_inner_v],
          layout_basic, enter_ziggurat_b, grunt_gozag_breadcrumbs,
          pf_coc_iceberg, grunt_pan_entry_spiral, serial_bayou_shore_a
Depths:3: box_level_dp, abyss_entry, hell_entry, pan_entry
Depths:4: lemuel_castle_with_subvaults [lemuel_castle_interior_carwin_3],
          layout_long_grid, grunt_hell_entry_dis_mu, serial_shops,
          bzr_entry_customers, kiku_gazebo_garden_becter, serial_bayou_shore_b,
          uniq_josephina
Zot:1:    nicolae_moth_party, layout_gridlike, guppyfry_library_mini
Zot:2:    layout_onion_interference
Zot:3:    layout_basic, nicolae_diode_intersection
Zot:4:    layout_gridlike, grunt_ministairs_12, grunt_megastairs_5
Zot:5:    layout_misc_corridors, hangedman_zot_diagonal_lockstep

Skill      XL: |  1  2  3  4  5  6  7  8  9 10 11 12 13 14 15 16 17 18 19 20 21 22 23 24 25 26 27 |
---------------+----------------------------------------------------------------------------------+-----
Earth Magic    | 4 |  4.2
Fighting       | 2 3 9 10 12 13 14 17 18 21 23 25 26 27 | 27.0
Armour         | 1 4 6 9 11 13 18 24 27 | 27.0
Axes           | 2 3 4 5 8 10 12 14 16 18 | 18.0
Shields        | 2 5 8 14 15 16 20 21 23 26 27 | 27.0
Evocations     | 1 3 4 5 12 | 12.0
Invocations    | 6 7 9 10 11 15 | 15.0
Stealth        | 4 5 6 7 |  7.0
Throwing       | 2 3 4 |  4.1
Translocations | 10 | 10.4
Spellcasting   | 6 |  6.0
Dodging        | |  1.5
Transmutations | |  0.7

Action                   |  1- 3 |  4- 6 |  7- 9 | 10-12 | 13-15 | 16-18 | 19-21 | 22-24 | 25-27 || total
-------------------------+-------+-------+-------+-------+-------+-------+-------+-------+-------++-------
Melee: War axe           |    13 |    90 |   124 |   283 |   662 |    23 |     8 |       |       ||  1203
       Punch             |     1 |       |       |       |       |       |       |       |       ||     1
       Broad axe         |       |    23 |    19 |     2 |    48 |   966 |   893 |  1045 |  1602 ||  4598
Throw: Dart              |       |       |       |       |     1 |       |       |       |       ||     1
 Cast: Sandblast         |    44 |       |       |       |       |       |       |       |       ||    44
       Apportation       |       |       |       |       |       |       |       |       |     1 ||     1
Invok: Ancestor Life: Ba |       |       |     1 |       |       |       |       |       |       ||     1
       Recall Ancestor   |       |       |       |     3 |     4 |    12 |     8 |     3 |     4 ||    34
       Idealise          |       |       |       |       |     6 |     3 |     2 |     2 |     3 ||    16
       Transference      |       |       |       |       |       |       |       |     2 |     1 ||     3
Evoke: Wand              |       |       |     2 |    21 |     5 |     6 |     3 |     6 |    11 ||    54
       Lightning rod     |       |       |       |       |     1 |     2 |       |       |     1 ||     4
       Phantom mirror    |       |       |       |       |     1 |       |       |     2 |     2 ||     5
       Box of beasts     |       |       |       |       |       |       |     1 |       |     1 ||     2
       Condenser vane    |       |       |       |       |       |       |       |     1 |     1 ||     2
       Phial of floods   |       |       |       |       |       |       |       |     1 |     1 ||     2
  Use: Scroll            |       |     7 |     5 |    19 |     7 |     5 |     1 |     9 |    20 ||    73
       Potion            |       |       |     5 |       |     1 |       |     1 |     4 |    16 ||    27
 Stab: Invisible         |       |       |     1 |       |       |       |     1 |     3 |    34 ||    39
       Distracted        |       |       |       |     5 |    15 |    15 |    13 |    27 |    34 ||   109
       Paralysed         |       |       |       |       |       |       |       |     1 |       ||     1
       Confused          |       |       |       |       |       |       |       |     1 |     1 ||     2
Armor: Robe              |     3 |       |       |       |       |       |       |       |       ||     3
       Chain mail        |     3 |   109 |   109 |   226 |   428 |   599 |   172 |       |       ||  1646
       Plate armour      |       |       |       |       |    82 |       |   134 |   240 |   185 ||   641
       Skin              |       |       |       |       |       |       |       |     8 |       ||     8
       Gold dragon scale |       |       |       |       |       |       |       |       |   200 ||   200
Dodge: Dodged            |     8 |    30 |    52 |    89 |   222 |   259 |   112 |    90 |   115 ||   977
       Repelled          |       |       |       |       |       |       |     6 |     6 |     4 ||    16
Block: Buckler           |       |    15 |    33 |    63 |   138 |    64 |       |       |       ||   313
       Kite shield       |       |       |       |       |       |   487 |   470 |       |       ||   957
       Reflection        |       |       |       |       |       |     5 |    85 |    37 |    18 ||   145
       Tower shield      |       |       |       |       |       |       |   143 |   902 |  1215 ||  2260
       Rpst.: Broad axe  |       |       |       |       |       |       |       |   186 |    21 ||   207

Table legend: (Time is in decaauts)
 A = Elapsed time spent in this place.
 B = Non-inter-level travel time spent in this place.
 C = Inter-level travel time spent in this place.
 D = Time resting spent in this place.
 E = Time spent auto-exploring this place.
 F = Levels seen in this place.
 G = Mean time per level.
                   A        B        C        D        E       F      G
               +--------+--------+--------+--------+--------+-----+--------+
         Total |  95055 |  83444 |  11611 |  25672 |  43102 |  61 | 1558.3 |
       Dungeon |  18647 |  14900 |   3747 |    675 |  11721 |  15 | 1243.1 |
        Temple |    211 |    211 |      0 |      0 |    180 |   1 |  211.0 |
          Lair |   9139 |   8294 |    845 |    298 |   6658 |   5 | 1827.8 |
        Shoals |   6901 |   6508 |    393 |   1729 |   3078 |   4 | 1725.2 |
   Spider Nest |   9683 |   9371 |    312 |   5523 |   2658 |   4 | 2420.8 |
  Orcish Mines |   2754 |   2287 |    467 |    677 |   1105 |   2 | 1377.0 |
   Elven Halls |   7961 |   6963 |    998 |   3135 |   2992 |   3 | 2653.7 |
        Vaults |  14662 |  11531 |   3131 |   3904 |   5715 |   5 | 2932.4 |
         Crypt |   6330 |   6045 |    285 |   2845 |   2294 |   3 | 2110.0 |
        Depths |   5824 |   5027 |    797 |    349 |   3002 |   4 | 1456.0 |
           Zot |  10412 |   9779 |    633 |   5879 |   2600 |   5 | 2082.4 |
      Ziggurat |    199 |    199 |      0 |     47 |     45 |   6 |   33.2 |
        Bazaar |    158 |    158 |      0 |      0 |     79 |   1 |  158.0 |
         Trove |    108 |    108 |      0 |      0 |     79 |   1 |  108.0 |
      Ice Cave |    653 |    653 |      0 |      0 |    413 |   1 |  653.0 |
        Wizlab |   1404 |   1404 |      0 |    609 |    483 |   1 | 1404.0 |
               +--------+--------+--------+--------+--------+-----+--------+

Top non-repeatable levels by time:
   Zot:5: 5852 daAuts
Vaults:5: 5767 daAuts
   Elf:3: 4563 daAuts
Spider:4: 3797 daAuts
Spider:2: 2658 daAuts
 Crypt:2: 2573 daAuts
  Lair:5: 2509 daAuts
Vaults:4: 2441 daAuts
Vaults:3: 2367 daAuts
  Lair:3: 2297 daAuts
Vaults:1: 2272 daAuts
 Crypt:3: 2122 daAuts
  Lair:4: 2103 daAuts
   Zot:1: 2014 daAuts
    D:15: 2007 daAuts
